MLB
DETROIT TIGERS @ TAMPA BAY RAYS
05/21/2042
 
TOP OF THE 1ST
Detroit Tigers batting - Pitching for Tampa Bay Rays : RHP José Martínez
Pitching: RHP José Martínez
Batting: LHB Eric Mason 0-0: Ball
1-0: Foul Ball, location: 5FF
1-1: Foul Ball, location: 7LDF
1-2: Fly out, F8 (Flyball, 8RM, EV 91.3 MPH)
Batting: LHB Gene Keys 0-0: Foul Ball, location: 2F
0-1: Ball
1-1: Called Strike
1-2: Ball
2-2: Foul Ball, location: 7LMF
2-2: Strikes out swinging
Batting: RHB Luis Martínez 0-0: Swinging Strike
0-1: Foul Ball, location: 2F
0-2: Ball
1-2: Foul Ball, location: 9LSF
1-2: Ground out 4-3 (Groundball, 34, EV 100.6 MPH)
Top of the 1st over - 0 runs, 0 hits, 0 errors, 0 left on base; Detroit 0 - Tampa Bay 0
BOTTOM OF THE 1ST
Tampa Bay Rays batting - Pitching for Detroit Tigers : LHP Jorge Corona
Pitching: LHP Jorge Corona
Batting: RHB Juan Díaz 0-0: Called Strike
0-1: Foul Ball, location: 9LDF
0-2: Ball
1-2: Ball
2-2: Ball
3-2: Strikes out looking
Batting: RHB Sergio Rodríguez 0-0: Ball
1-0: Foul Ball, location: 7LMFF
1-1: Foul Ball, location: 2F
1-2: Ball
2-2: Ground out 6-3 (Groundball, 6, EV 85.6 MPH)
Batting: RHB Dumadi Mainaky 0-0: Ball
1-0: Called Strike
1-1: Foul Ball, location: 7LMF
1-2: Strikes out swinging
Bottom of the 1st over - 0 runs, 0 hits, 0 errors, 0 left on base; Detroit 0 - Tampa Bay 0
TOP OF THE 2ND
Detroit Tigers batting - Pitching for Tampa Bay Rays : RHP José Martínez
Batting: RHB Joaquín Medina 0-0: Ball
1-0: Swinging Strike
1-1: Ball
2-1: Ball
3-1: Foul Ball, location: 5F
3-2: Foul Ball, location: 3DF
3-2: Foul Ball, location: 2F
3-2: Ground out U3 (Groundball, 34S, EV 80.0 MPH)
Batting: LHB José Perea 0-0: Ball
1-0: Swinging Strike
1-1: Called Strike
1-2: Ball
2-2: Ground out 4-3 (Groundball, 4, EV 80.6 MPH)
Batting: RHB Lião Palma 0-0: Ball
1-0: Fly out, F9 (Flyball, 9D, EV 90.6 MPH)
Top of the 2nd over - 0 runs, 0 hits, 0 errors, 0 left on base; Detroit 0 - Tampa Bay 0
BOTTOM OF THE 2ND
Tampa Bay Rays batting - Pitching for Detroit Tigers : LHP Jorge Corona
Batting: LHB Jonathan Adams 0-0: Fly out, F7 (Line Drive, 7, EV 90.6 MPH)
Batting: RHB Kurt Carpenter 0-0: Fly out, F6 (Line Drive, 6, EV 71.3 MPH)
Batting: SHB António Rodríguez 0-0: Swinging Strike
0-1: Ball
1-1: Ball
2-1: Swinging Strike
2-2: Hit by Pitch
Batting: RHB Jim Thompson 0-0: Ball
1-0: Ball
2-0: Called Strike
2-1: Foul Ball, location: 9LDF
2-2: Foul Ball, location: 9LDF
2-2: Fly out, F9 (Flyball, 9LM, EV 99.4 MPH)
Bottom of the 2nd over - 0 runs, 0 hits, 0 errors, 1 left on base; Detroit 0 - Tampa Bay 0
TOP OF THE 3RD
Detroit Tigers batting - Pitching for Tampa Bay Rays : RHP José Martínez
Batting: RHB Sam Bowman 0-0: Ball
1-0: SOLO HOME RUN (Flyball, 7D, EV 96.3 MPH), Distance : 356 ft
Batting: LHB Luis Arroyo 0-0: SINGLE (Line Drive, 9S, EV 88.1 MPH)
Batting: LHB Sam Brock 0-0: Swinging Strike
0-1: Ball
1-1: Ball
2-1: Swinging Strike
2-2: Ball
3-2: Foul Ball, location: 7LMF
3-2: Foul Ball, location: 2F
3-2: Base on Balls
Luis Arroyo to second
Batting: LHB Eric Mason 0-0: Ball
1-0: Ball
2-0: Ball
3-0: Called Strike
3-1: Fly out, F2 (Popup, 5SF, EV 86.9 MPH)
Batting: LHB Gene Keys 0-0: Foul Ball, location: 2F
0-1: Ball
1-1: Ball
2-1: SINGLE (Line Drive, 9LS, EV 111.3 MPH)
Luis Arroyo to third
Sam Brock to second
Runner from 3rd tries for Home, SAFE, throw by RF to home
Batting: RHB Luis Martínez 0-0: Foul Ball, location: 25FF
0-1: Ball
1-1: Called Strike
1-2: Foul Ball, location: 9LMF
1-2: Foul Ball, location: 9LDF
1-2: Ball
2-2: Fly out, F7 (Flyball, 78S, EV 74.4 MPH)
Batting: RHB Joaquín Medina 0-0: Swinging Strike
0-1: Ball
1-1: Foul Ball, location: 9LSF
1-2: Fly out, F8 (Flyball, 8RD, EV 84.4 MPH)
Top of the 3rd over - 2 runs, 3 hits, 0 errors, 2 left on base; Detroit 2 - Tampa Bay 0
BOTTOM OF THE 3RD
Tampa Bay Rays batting - Pitching for Detroit Tigers : LHP Jorge Corona
Batting: RHB Ben Davis 0-0: Called Strike
0-1: Ball
1-1: Ball
2-1: Foul Ball, location: 23F
2-2: Ground out 6-3 (Groundball, 6, EV 82.5 MPH)
Batting: LHB Orlando Rodríguez 0-0: Called Strike
0-1: Fly out, F9 (Line Drive, 89D, EV 87.5 MPH)
Batting: RHB Juan Díaz 0-0: Ball
1-0: Foul Ball, location: 23F
1-1: Ball
2-1: Swinging Strike
2-2: Strikes out looking
Bottom of the 3rd over - 0 runs, 0 hits, 0 errors, 0 left on base; Detroit 2 - Tampa Bay 0
TOP OF THE 4TH
Detroit Tigers batting - Pitching for Tampa Bay Rays : RHP José Martínez
Batting: LHB José Perea 0-0: Ball
1-0: Called Strike
1-1: Ground out 1-3 (Groundball, 13S, EV 66.3 MPH)
Batting: RHB Lião Palma 0-0: Called Strike
0-1: Foul Ball, location: 25F
0-2: Ground out 6-3 (Groundball, 6S, EV 81.9 MPH)
Batting: RHB Sam Bowman 0-0: Called Strike
0-1: Ground out 6-3 (Groundball, 6, EV 83.8 MPH)
Top of the 4th over - 0 runs, 0 hits, 0 errors, 0 left on base; Detroit 2 - Tampa Bay 0
BOTTOM OF THE 4TH
Tampa Bay Rays batting - Pitching for Detroit Tigers : LHP Jorge Corona
Batting: RHB Sergio Rodríguez 0-0: Ball
1-0: Ground out 1-3 (Groundball, 13S, EV 65.6 MPH)
Batting: RHB Dumadi Mainaky 0-0: Ball
1-0: Ground out 4-3 (Groundball, 4, EV 84.4 MPH)
Batting: LHB Jonathan Adams 0-0: Fly out, F9 (Line Drive, 9, EV 101.9 MPH)
Bottom of the 4th over - 0 runs, 0 hits, 0 errors, 0 left on base; Detroit 2 - Tampa Bay 0
TOP OF THE 5TH
Detroit Tigers batting - Pitching for Tampa Bay Rays : RHP José Martínez
Batting: LHB Luis Arroyo 0-0: Ball
1-0: Ball
2-0: Called Strike
2-1: Ground out 6-3 (Groundball, 6, EV 110.0 MPH)
Batting: LHB Sam Brock 0-0: Called Strike
0-1: Ball
1-1: Fly out, F9 (Flyball, 9D, EV 104.4 MPH)
Batting: LHB Eric Mason 0-0: Called Strike
0-1: Fly out, F5 (Popup, 5SF, EV 78.1 MPH)
Top of the 5th over - 0 runs, 0 hits, 0 errors, 0 left on base; Detroit 2 - Tampa Bay 0
BOTTOM OF THE 5TH
Tampa Bay Rays batting - Pitching for Detroit Tigers : LHP Jorge Corona
Batting: RHB Kurt Carpenter 0-0: Reached on error, E2 (Groundball, 13S, EV 63.1 MPH)
Batting: SHB António Rodríguez 0-0: Called Strike
0-1: Fly out, F2 (Popup, 25F, EV 88.1 MPH)
Batting: RHB Jim Thompson 0-0: Ball
1-0: Ball
2-0: Called Strike
2-1: Called Strike
2-2: Fly out, F8 (Flyball, 8RM, EV 98.1 MPH)
Batting: RHB Ben Davis 0-0: Called Strike
Kurt Carpenter is caught stealing 2nd base 2-4
Bottom of the 5th over - 0 runs, 0 hits, 1 error, 0 left on base; Detroit 2 - Tampa Bay 0
TOP OF THE 6TH
Detroit Tigers batting - Pitching for Tampa Bay Rays : RHP José Martínez
Batting: LHB Gene Keys 0-0: Ball
1-0: Called Strike
1-1: Foul Ball, location: 25FF
1-2: SINGLE (Groundball, 6S, EV 65.6 MPH) (infield hit)
Batting: RHB Luis Martínez 0-0: Ball
1-0: Fly out, F7 (Flyball, 7D, EV 112.5 MPH)
Batting: RHB Joaquín Medina 0-0: SINGLE (Groundball, 5D, EV 95.6 MPH)
Gene Keys to second
Batting: LHB José Perea 0-0: Swinging Strike
0-1: Called Strike
0-2: Foul Ball, location: 2F
0-2: Ball
1-2: Ball
2-2: Fly out, F8 (Flyball, 8LS, EV 86.3 MPH)
Batting: RHB Lião Palma 0-0: Called Strike
0-1: Called Strike
0-2: Strikes out swinging
Top of the 6th over - 0 runs, 2 hits, 0 errors, 2 left on base; Detroit 2 - Tampa Bay 0
BOTTOM OF THE 6TH
Tampa Bay Rays batting - Pitching for Detroit Tigers : LHP Jorge Corona
Batting: RHB Ben Davis 0-0: Ball
1-0: Ball
2-0: Ball
3-0: Called Strike
3-1: Foul Ball, location: 2F
3-2: Strikes out swinging
Batting: LHB Orlando Rodríguez 0-0: Swinging Strike
0-1: Ball
1-1: SINGLE (Line Drive, 6D, EV 95.6 MPH)
Batting: RHB Juan Díaz 0-0: Called Strike
0-1: Foul Ball, location: 2F
0-2: Ball
1-2: Fly out, F6 (Popup, 6, EV 67.5 MPH)
Batting: RHB Sergio Rodríguez 0-0: Ball
1-0: Ball
Orlando Rodríguez steals 2nd base (no throw)
2-0: Ball
3-0: Ground out 6-3 (Groundball, 6M, EV 107.5 MPH)
Bottom of the 6th over - 0 runs, 1 hit, 0 errors, 1 left on base; Detroit 2 - Tampa Bay 0
TOP OF THE 7TH
Detroit Tigers batting - Pitching for Tampa Bay Rays : RHP José Martínez
Batting: RHB Sam Bowman 0-0: Foul Ball, location: 2F
0-1: Ball
1-1: Foul Ball, location: 2F
1-2: Ball
2-2: Fly out, F7 (Flyball, 7D, EV 105.0 MPH)
Batting: LHB Luis Arroyo 0-0: Called Strike
0-1: Ground out U3 (Groundball, 34, EV 93.1 MPH)
Batting: LHB Sam Brock 0-0: Ball
1-0: Fly out, F9 (Flyball, 89M, EV 92.5 MPH)
Top of the 7th over - 0 runs, 0 hits, 0 errors, 0 left on base; Detroit 2 - Tampa Bay 0
BOTTOM OF THE 7TH
Tampa Bay Rays batting - Pitching for Detroit Tigers : LHP Jorge Corona
Now in LF: Bob Mundarain
Now in RF: Sam Brock
Batting: RHB Dumadi Mainaky 0-0: Ball
1-0: Swinging Strike
1-1: Ball
2-1: Ball
3-1: Fly out, F8 (Flyball, 78M, EV 80.6 MPH)
Batting: LHB Jonathan Adams 0-0: Ball
1-0: SINGLE (Line Drive, 89S, EV 104.4 MPH)
Batting: RHB Kurt Carpenter 0-0: Foul Ball, location: 9LMF
0-1: Ball
1-1: Ball
2-1: Foul Ball, location: 5F
2-2: Foul Ball, location: 7LSF
2-2: Fielders Choice at 2nd, 3-6 (Groundball, 34, EV 95.0 MPH)
Batting: SHB António Rodríguez 0-0: Called Strike
0-1: Ball
1-1: 2-RUN HOME RUN (Flyball, 78XD, EV 101.9 MPH), Distance : 400 ft
Batting: RHB Jim Thompson 0-0: Called Strike
0-1: Swinging Strike
0-2: Foul Ball, location: 3F
0-2: Strikes out swinging
Bottom of the 7th over - 2 runs, 2 hits, 0 errors, 0 left on base; Detroit 2 - Tampa Bay 2
TOP OF THE 8TH
Detroit Tigers batting - Pitching for Tampa Bay Rays : RHP José Martínez
Pitching: LHP Ernesto Martínez
Batting: LHB Eric Mason 0-0: Called Strike
0-1: Foul Ball, location: 3F
0-2: SINGLE (Groundball, 4D, EV 100.0 MPH)
Batting: LHB Gene Keys 0-0: Foul Ball, location: 7LDF
0-1: Ball
1-1: Ball
2-1: Ball
3-1: Base on Balls
Eric Mason to second
Batting: RHB Luis Martínez 0-0: Ball
1-0: Foul Ball, location: 7LMFF
1-1: Swinging Strike
1-2: Foul Ball, location: 3F
1-2: Foul Ball, location: 2F
1-2: Strikes out looking
Batting: RHB Joaquín Medina 0-0: Foul Ball, location: 2F
0-1: Ball
1-1: Fielders Choice at 2nd, 3-6 (Groundball, 34S, EV 83.8 MPH)
Eric Mason to third
Batting: LHB Bob Mundarain 0-0: Ball
1-0: Foul Ball, location: 7LMF
1-1: Foul Ball, location: 7LMF
1-2: Strikes out swinging
Top of the 8th over - 0 runs, 1 hit, 0 errors, 2 left on base; Detroit 2 - Tampa Bay 2
BOTTOM OF THE 8TH
Tampa Bay Rays batting - Pitching for Detroit Tigers : LHP Jorge Corona
Batting: RHB Ben Davis 0-0: Called Strike
0-1: Ground out U3 (Groundball, 34S, EV 85.0 MPH)
Batting: LHB Orlando Rodríguez 0-0: Ground out U3 (Groundball, 3, EV 80.0 MPH)
Batting: RHB Juan Díaz 0-0: Fly out, F9 (Flyball, 89S, EV 81.9 MPH)
Bottom of the 8th over - 0 runs, 0 hits, 0 errors, 0 left on base; Detroit 2 - Tampa Bay 2
TOP OF THE 9TH
Detroit Tigers batting - Pitching for Tampa Bay Rays : LHP Ernesto Martínez
Batting: RHB Lião Palma 0-0: Called Strike
0-1: Ball
1-1: Foul Ball, location: 2F
1-2: Reached on error, E5 (Groundball, 15, EV 79.4 MPH)
Batting: RHB Sam Bowman 0-0: Foul Ball, location: 9LMF
0-1: Grounds into double play, 4-6-3 (Groundball, 4MS, EV 78.1 MPH)
Batting: LHB Luis Arroyo 0-0: Ground out U3 (Groundball, 3, EV 108.8 MPH)
Top of the 9th over - 0 runs, 0 hits, 1 error, 0 left on base; Detroit 2 - Tampa Bay 2
BOTTOM OF THE 9TH
Tampa Bay Rays batting - Pitching for Detroit Tigers : LHP Jorge Corona
Pitching: RHP Jorge Rosa
Pinch Hitting: LHB Mike O'Halloran 0-0: Called Strike
0-1: Foul Ball, location: 23F
0-2: Foul Ball, location: 5SF
0-2: Ball
1-2: Foul Ball, location: 25F
1-2: Foul Ball, location: 3SF
1-2: Ball
2-2: Ball
3-2: Fly out, F5 (Popup, 5SF, EV 85.0 MPH)
Batting: RHB Dumadi Mainaky 0-0: Called Strike
0-1: Called Strike
0-2: Ball
1-2: Strikes out swinging
Batting: LHB Jonathan Adams 0-0: SINGLE (Groundball, 6M, EV 79.4 MPH)
Batting: RHB Kurt Carpenter 0-0: Called Strike
0-1: Called Strike
0-2: Ball
1-2: Ball
2-2: Fly out, F3 (Line Drive, 3, EV 70.0 MPH)
Bottom of the 9th over - 0 runs, 1 hit, 0 errors, 1 left on base; Detroit 2 - Tampa Bay 2
TOP OF THE 10TH
Detroit Tigers batting - Pitching for Tampa Bay Rays : LHP Ernesto Martínez
Luis Arroyo starts the inning at 2nd base.
Now at SS: Dan Murphy
Batting: LHB Sam Brock 0-0: SINGLE (Line Drive, 7S, EV 85.6 MPH)
Luis Arroyo to third
Batting: LHB Eric Mason 0-0: Called Strike
0-1: Foul Ball, location: 23F
0-2: Ball
1-2: Foul Ball, location: 2LF
1-2: Ball
2-2: Fly out, F4 (Popup, 34D, EV 43.8 MPH)
Batting: LHB Gene Keys 0-0: Foul Ball, location: 7LSF
0-1: Swinging Strike
0-2: Ball
1-2: Strikes out looking
Pitching: RHP Anastasio Soto
Batting: RHB Luis Martínez 0-0: Foul Ball, location: 9LSF
0-1: Foul Ball, location: 5FF
0-2: Foul Ball, location: 25F
0-2: Ball
1-2: Strikes out looking
Top of the 10th over - 0 runs, 1 hit, 0 errors, 2 left on base; Detroit 2 - Tampa Bay 2
BOTTOM OF THE 10TH
Tampa Bay Rays batting - Pitching for Detroit Tigers : RHP Jorge Rosa
Kurt Carpenter starts the inning at 2nd base.
Batting: SHB António Rodríguez 0-0: Intentional Walk
Batting: RHB Jim Thompson 0-0: Ball
1-0: Ball
2-0: Ball
3-0: Base on Balls
Kurt Carpenter to third
António Rodríguez to second
Batting: RHB Ben Davis 0-0: Ball
1-0: Grounds into fielders choice 5-2 (Groundball, 56, EV 91.9 MPH)
António Rodríguez to third
Jim Thompson to second
Batting: LHB Orlando Rodríguez 0-0: Called Strike
0-1: Called Strike
0-2: Ball
1-2: Fly out, F6 (Popup, 6MS, EV 86.3 MPH)
Batting: RHB Juan Díaz 0-0: Called Strike
0-1: SINGLE (Groundball, 4MD, EV 103.1 MPH)
António Rodríguez scores
Bottom of the 10th over - 1 run, 1 hit, 0 errors, 2 left on base; Detroit 2 - Tampa Bay 3
Friday, May 3rd , 2024 - OOTP Baseball 24.10 Build 82